 Dungeon Crawl Stone Soup version 0.26-a0-683-g5206c1d7ac (webtiles) character file.

Game seed: 13909206246506208726

268 marklar909 the Stinger (level 6, 0/41 HPs)
             Began as a Formicid Venom Mage on Oct 22, 2020.
             Succumbed to Whiskey's ghost's poison
             ... on level 4 of the Dungeon.
             The game lasted 00:10:02 (5915 turns).

marklar909 the Stinger (Formicid Venom Mage)        Turns: 5915, Time: 00:10:03

Health: 0/41       AC:  7    Str: 13    XL:     6   Next: 45%
Magic:  20/20      EV: 11    Int: 16    God:
Gold:   261        SH:  0    Dex: 11    Spells: 2/11 levels left

rFire    . . .     SeeInvis +   t - +1 hunting sling of the Moon {flame, rElec MP+9 Stlth+}
rCold    . . .     Faith    .   (no shield)
rNeg     . . .     Spirit   .   k - +0 ring mail
rPois    .         Reflect  .   (helmet unavailable)
rElec    +         Harm     .   l - +0 cloak
rCorr    .         Rampage  .   a - +0 pair of gloves
MR       .....                  (no boots)
Stlth    ++........             (no amulet)
HPRegen  0.13/turn              (no ring)
MPRegen  0.17/turn              (no ring)

@: lethally poisoned (0 -> -5)
A: permanent stasis, dig shafts and tunnels, four strong arms, antennae 3
a: Dig, Shaft Self


You were on level 4 of the Dungeon.
You visited 1 branch of the dungeon, and saw 4 of its levels.

You collected 261 gold pieces.

Inventory:

Hand Weapons
 t - the +1 hunting sling of the Moon (weapon) {flame, rElec MP+9 Stlth+}
   (You found it on level 4 of the Dungeon)

   It causes projectiles fired from it to burn those they strike, causing extra
   injury to most foes and up to half again as much damage against particularly
   susceptible opponents.
   It insulates you from electricity.
   It affects your magic capacity (+9).
   It makes you more stealthy.
 w - a +0 dagger
Missiles
 v - 63 stones (quivered)
 x - 13 sling bullets
Armour
 a - a +0 pair of gloves (worn)
 k - a +0 ring mail (worn)
 l - a +0 cloak (worn)
Wands
 r - a wand of iceblast (3)
Scrolls
 e - a scroll of fog {unknown}
 f - a scroll of immolation {unknown}
 j - 2 scrolls of remove curse
 n - a scroll of noise {unknown}
 p - 2 scrolls of enchant weapon
 q - a scroll of enchant armour {unknown}
 s - 2 scrolls of identify
 u - a scroll of amnesia {unknown}
 y - a scroll of fear {unknown}
Potions
 b - a potion of berserk rage {unknown}
 c - a potion of magic {unknown}
 d - a potion of ambrosia {unknown}
 g - a potion of mutation {unknown}
 h - a potion of curing
 i - 2 potions of flight {unknown}
 m - a potion of invisibility {unknown}
 o - a potion of brilliance {unknown}


   Skills:
 + Level 2.4 Dodging
 + Level 3.0 Stealth
 + Level 3.3 Spellcasting
 + Level 3.3 Transmutations
 + Level 1.2 Air Magic
 + Level 5.9 Poison Magic


You had 2 spell levels left.
You knew the following spells:

 Your Spells              Type           Power        Failure   Level
a - Sting                 Tmut/Pois      ###.         6%          1
b - Poisonous Vapours     Pois/Air       ##....       14%         2
c - Ignite Poison         Fire/Tmut/Pois ##......     32%         3
d - Mephitic Cloud        Conj/Pois/Air  ##......     41%         3

Your spell library contained the following spells:

 Spells                   Type           Power        Failure   Level
 Olgreb's Toxic Radiance  Pois           ###.....     34%         4


Dungeon Overview and Level Annotations

Branches:
Dungeon (4/15)             Temple (0/1) D:4

Altars:

Annotations:
D:4 Whiskey's ghost, amateur FoFi


Innate Abilities, Weirdness & Mutations

You cannot be hasted, slowed, berserked, paralysed or teleported.
You can dig through walls and to a lower floor.
Your four strong arms can wield two-handed weapons with a shield.
You have a pair of large antennae on your head. (SInv)


Message History

* * * LOW HITPOINT WARNING * * *
You feel sick.
* * * LOW HITPOINT WARNING * * *
You feel sick.
* * * LOW HITPOINT WARNING * * *
You feel sick.
Whiskey's ghost is nearby!
* * * LOW HITPOINT WARNING * * *
You feel sick.
* * * LOW HITPOINT WARNING * * *
You feel sick.
Whiskey's ghost shrieks, "There is no future for me!"
* * * LOW HITPOINT WARNING * * *
You feel sick.
* * * LOW HITPOINT WARNING * * *
You feel sick.
You are no longer poisoned.
Whiskey's ghost hits you but does no damage.
You are lethally poisoned!
You die...

##...########## ###...##
#############..##
#..........##.<.# ##
#..........##)..#####.
#..!.......##.........
#..........##.....###.
#..........##...#..##.
######@##.####...##.##.
##...#............##(...
##.......W..[...##.###..#
#..............###.##...#
#..............###.##..##
#...............##.##..##
##..........#............
##...#...#####.........#
#######.# ###...##...


You could see Whiskey's ghost.

Vanquished Creatures
  An iguana (D:4)
  An orc wizard (D:3)
  3 worker ants (D:4)
  7 adders
  An ooze (D:1)
  A worm (D:3)
  2 dart slugs
  2 leopard geckos
  7 orcs
  A ball python (D:1)
  A giant cockroach (D:3)
  5 goblins
  4 hobgoblins
  4 jackals (D:3)
  9 kobolds
  2 quokkas (D:2)
  7 bats
  4 frilled lizards
  5 rats
67 creatures vanquished.

Vanquished Creatures (others)
  4 plants (D:3)
4 creatures vanquished.

Grand Total: 71 creatures vanquished

Notes
Turn   | Place    | Note
-------+----------+-------------------------------------------
     0 | D:1      | marklar909 the Formicid Venom Mage began the quest for the
                  | Orb.
     0 | D:1      | Reached XP level 1. HP: 13/13 MP: 3/3
   368 | D:1      | Reached XP level 2. HP: 19/19 MP: 3/5
  1136 | D:1      | Reached XP level 3. HP: 16/24 MP: 1/6
  1976 | D:2      | Reached XP level 4. HP: 30/30 MP: 0/7
  2073 | D:2      | Reached skill level 5 in Poison Magic
  2624 | D:2      | Learned a level 2 spell: Poisonous Vapours
  2628 | D:2      | Learned a level 3 spell: Ignite Poison
  2979 | D:3      | You fall into a shaft and drop 1 floor!
  2990 | D:4      | Reached XP level 5. HP: 35/35 MP: 1/9
  3556 | D:3      | Reached skill level 1 in Air Magic
  4104 | D:3      | Learned a level 3 spell: Mephitic Cloud
  4207 | D:4      | Found a runed translucent door.
  4211 | D:4      | Noticed Whiskey's ghost (amateur FoFi)
  4291 | D:4      | Got a slimy hunting sling
  4463 | D:3      | Reached XP level 6. HP: 18/41 MP: 3/11
  4880 | D:4      | Identified the +1 hunting sling of the Moon {flame, rElec
                  | MP+9 Stlth+} (You found it on level 4 of the Dungeon)
  5389 | D:4      | Found a staircase to the Ecumenical Temple.
  5906 | D:4      | HP: 2/41 [poisoned by Whiskey's ghost]
  5914 | D:4      | HP: 1/41 [poisoned by Whiskey's ghost]
  5915 | D:4      | Succumbed to Whiskey's ghost's poison

Illustrated notes

Levels and vault maps discovered:
D:1:      onia_arrival_handbag, layout_basic, chequers_serial_rivers_micro_c,
          minmay_pentomino_x2
D:2:      layout_loops_ring
D:3:      layout_loops_cross, serial_bayou, serial_bayou_shore_b,
          serial_bayou_lake_a, serial_bayou_pond_d, serial_bayou_crossing,
          serial_bayou_pond_d
D:4:      layout_rooms, minmay_temple_entry_nine_rooms, ebering_ghost_sewer_d

Skill      XL: |  1  2  3  4  5  6 |
---------------+-------------------+-----
Stealth        | 3 |  3.0
Dodging        | 2 |  2.4
Transmutations | 2 3 |  3.3
Poison Magic   | 5 |  5.9
Spellcasting   | 3 |  3.3
Air Magic      | 1 |  1.2

Action                   |  1- 3 |  4- 6 || total
-------------------------+-------+-------++-------
Melee: Unarmed           |     2 |     5 ||     7
 Fire: Hunting sling     |       |    16 ||    16
 Cast: Sting             |    54 |    49 ||   103
       Poisonous Vapours |       |    30 ||    30
Evoke: Wand              |       |     2 ||     2
  Use: Scroll            |       |     5 ||     5
       Potion            |       |     1 ||     1
Armor: Robe              |     8 |    12 ||    20
       Ring mail         |       |    18 ||    18
Dodge: Dodged            |    31 |    60 ||    91

Table legend: (Time is in decaauts)
 A = Elapsed time spent in this place.
 B = Non-inter-level travel time spent in this place.
 C = Inter-level travel time spent in this place.
 D = Time resting spent in this place.
 E = Time spent auto-exploring this place.
 F = Levels seen in this place.
 G = Mean time per level.
                   A        B        C        D        E       F      G
               +--------+--------+--------+--------+--------+-----+--------+
         Total |   5958 |   5639 |    319 |   1632 |   3251 |   4 | 1489.5 |
       Dungeon |   5958 |   5639 |    319 |   1632 |   3251 |   4 | 1489.5 |
               +--------+--------+--------+--------+--------+-----+--------+

Top non-repeatable levels by time:
     D:2: 1740 daAuts
     D:3: 1656 daAuts
     D:1: 1549 daAuts
     D:4: 1010 daAuts
